 Dungeon Crawl Stone Soup version 0.28.0-53-g5a82cb258f (webtiles) character file.

Game seed: 18318699287981202198

425 DocClef the Firebug (level 6, -2/44 HPs)
             Began as a Gnoll Fire Elementalist on July 12, 2022.
             Slain by an orc warrior
             ... wielding a +1 short sword of speed
              (14 damage)
             ... on level 4 of the Dungeon.
             The game lasted 00:09:11 (5779 turns).

DocClef the Firebug (Gnoll Fire Elementalist)       Turns: 5779, Time: 00:09:11

Health: -2/44      AC:  3    Str:  8    XL:     6   Next: 96%
Magic:  0/14       EV: 13    Int: 16    God:
Gold:   207        SH:  0    Dex: 12    Spells: 14/15 levels left

rFire   + . .      SeeInvis .   p - +2 dagger (venom)
rCold   . . .      Faith    .   (no shield)
rNeg    + . .      Spirit   +   a - +0 robe
rPois   .          Reflect  .   o - +0 helmet
rElec   .          Harm     .   (no cloak)
rCorr   .          Rampage  .   (no gloves)
Will    .....                   (no boots)
Stlth   +++.......              c - amulet of guardian spirit
HPRegen 0.14/turn               e - ring of protection from fire
MPRegen 0.14/turn               h - ring of positive energy

@: no status effects
A: fangs 1, strong nose, distributed training
a: no special abilities


You were on level 4 of the Dungeon.
You visited 1 branch of the dungeon, and saw 5 of its levels.

You collected 207 gold pieces.

Inventory:

Hand Weapons
 p - a +2 dagger of venom (weapon)
Armour
 a - a +0 robe (worn)
 o - a +0 helmet (worn)
Jewellery
 c - an amulet of guardian spirit (around neck)
 e - a ring of protection from fire (left hand)
 h - a ring of positive energy (right hand)
 l - an amulet of faith
 q - a +6 ring of intelligence
Scrolls
 d - a scroll of holy word {unknown}
 g - a scroll of vulnerability {unknown}
 i - 4 scrolls of identify {unknown}
 j - a scroll of teleportation {unknown}
 k - 2 scrolls of blinking {unknown}
 t - a scroll of magic mapping {unknown}
Potions
 b - a potion of mutation {unknown}
 f - 2 potions of curing
 m - a potion of ambrosia {unknown}
 n - a potion of brilliance {unknown}
 r - a potion of attraction {unknown}
 s - a potion of heal wounds {unknown}


   Skills:
 + Level 2.2 Fighting
 + Level 2.2 Short Blades
 + Level 2.2 Long Blades
 + Level 2.2 Axes
 + Level 2.2 Maces & Flails
 + Level 2.2 Polearms
 + Level 2.2 Staves
 + Level 2.2 Slings
 + Level 2.2 Bows
 + Level 2.2 Crossbows
 + Level 2.2 Throwing
 + Level 2.2 Armour
 + Level 5.1 Dodging
 + Level 4.7 Stealth
 + Level 2.2 Shields
 + Level 2.2 Unarmed Combat
 + Level 5.4 Spellcasting
 + Level 2.8 Conjurations
 + Level 1.7 Hexes
 + Level 1.7 Summonings
 + Level 1.7 Necromancy
 + Level 1.7 Translocations
 + Level 1.7 Transmutations
 + Level 5.7 Fire Magic
 + Level 1.7 Ice Magic
 + Level 1.7 Air Magic
 + Level 1.7 Earth Magic
 + Level 1.7 Poison Magic
 + Level 2.4 Invocations
 + Level 2.2 Evocations


You had 14 spell levels left.
You knew the following spells:

 Your Spells              Type           Power      Damage    Failure   Level
a - Foxfire               Conj/Fire      72%        2x1d7     2%          1

Your spell library contained the following spells:

 Spells                   Type           Power      Damage    Failure   Level
 Scorch                   Fire           44%        2d7       1%          2
 Conjure Flame            Conj/Fire      18%        6-21      8%          3
 Inner Flame              Hex/Fire       16%        N/A       10%         3
 Flame Wave               Conj/Fire      18%        2d6       26%         4


Dungeon Overview and Level Annotations

Branches:
Dungeon (5/15)
 Temple: D:4-7

Altars:
Uskayaw


Innate Abilities, Weirdness & Mutations

You have very sharp teeth.
Your uncanny sense of smell can sniff out nearby items.
Your experience applies equally to all skills.


Message History

Found 6 gold pieces.
The water moccasin zombie barely misses you.
The water moccasin zombie closely misses you.
The water moccasin zombie bites you.
The water moccasin zombie barely misses you.
Your magical contamination has completely faded away.
The water moccasin zombie completely misses you.
The water moccasin zombie bites you.
The water moccasin zombie barely misses you.
There is a stone staircase leading up, spattered with blood here.
The water moccasin zombie barely misses you.
You climb upwards.
There is a stone staircase leading down here.
You start resting.
Magic restored.
You start resting.
HP restored.
You climb downwards.
The orc warrior closely misses you.
The water moccasin zombie barely misses you.
The orc warrior barely misses you. The water moccasin zombie bites you!
There is a stone staircase leading up, spattered with blood here.
The orc warrior hits you with a +1 short sword of speed!
The water moccasin zombie barely misses you.
The orc warrior hits you with a +1 short sword of speed.
You climb upwards.
There is a stone staircase leading down here.
You conjure some foxfire!
The orc warrior closely misses you.
There is not enough space to conjure foxfire!
There is not enough space to conjure foxfire!
Your foxfire dissipates!
The foxfire hits the orc warrior but does no damage.
Press: ? - help, v - describe, . - travel
Here: an orc warrior, wielding a +1 short sword of speed and wearing a +0 plate armour The floor.
You conjure some foxfire!
The orc warrior hits you with a +1 short sword of speed!!
* * * LOW HITPOINT WARNING * * *
The foxfire hits the orc warrior but does no damage. x2
The orc warrior hits you with a +1 short sword of speed!!
You die...

.........## ####..##.........###
.#......## #.###......######
######### ##.# #......# #...
........### #..# #......# #.##
#.........# #.## #......###...
).......#<### #.# #######....##
............####.##########..###
.........##..#[ยง.o.>.........#
.........###...#@###..######.#
.........###.....# #.###.....#
.........#......####.# #.#####
...........##.....##.# #.#
.........####.###.)..###.#
.........# #.# ###..##..#
.........# #.# #...#^##
.........# ##.# #.#...###
.........# #..# #.#.....### #


You could see an orc warrior.

Vanquished Creatures
  Menkaure (D:4)
  A gnoll shaman (D:4)
  A hound zombie (D:5)
  Robin (D:2)
  8 gnolls
  7 adders
  An adder zombie (D:5)
  A worm (D:3)
  4 dart slugs
  10 orcs
  8 ball pythons
  4 endoplasms
  10 giant cockroaches
  5 goblins
  5 hobgoblins
  4 jackals
  5 kobolds
  4 quokkas
  5 bats
  4 frilled lizards
  7 rats
  A spectral hobgoblin (D:1)
97 creatures vanquished.

Vanquished Creatures (collateral kills)
  A foxfire (D:3)
1 creature vanquished.

Vanquished Creatures (others)
  441 foxfires
441 creatures vanquished.

Grand Total: 539 creatures vanquished

Notes
Turn   | Place    | Note
-------+----------+-------------------------------------------
     0 | D:1      | DocClef the Gnoll Fire Elementalist began the quest for the
                  | Orb.
     0 | D:1      | Reached XP level 1. HP: 13/13 MP: 6/6
   137 | D:1      | Reached XP level 2. HP: 19/19 MP: 3/7
   697 | D:1      | Found a faded altar of an unknown god.
   757 | D:1      | Reached XP level 3. HP: 25/25 MP: 0/9
   912 | D:1      | Reached skill level 5 in Spellcasting
  1401 | D:2      | Found a hide-covered altar of Uskayaw.
  1682 | D:2      | Reached skill level 1 in Invocations
  1698 | D:2      | Noticed Robin
  2039 | D:3      | Reached skill level 1 in Fighting
  2039 | D:3      | Reached skill level 1 in Short Blades
  2039 | D:3      | Reached skill level 1 in Long Blades
  2039 | D:3      | Reached skill level 1 in Axes
  2039 | D:3      | Reached skill level 1 in Maces & Flails
  2039 | D:3      | Reached skill level 1 in Polearms
  2039 | D:3      | Reached skill level 1 in Staves
  2039 | D:3      | Reached skill level 1 in Slings
  2039 | D:3      | Reached skill level 1 in Bows
  2039 | D:3      | Reached skill level 1 in Crossbows
  2039 | D:3      | Reached skill level 1 in Throwing
  2039 | D:3      | Reached skill level 1 in Armour
  2039 | D:3      | Reached skill level 1 in Shields
  2039 | D:3      | Reached skill level 1 in Unarmed Combat
  2039 | D:3      | Reached skill level 1 in Evocations
  2132 | D:3      | Reached XP level 4. HP: 32/32 MP: 6/11
  2724 | D:3      | Reached skill level 1 in Hexes
  2724 | D:3      | Reached skill level 1 in Summonings
  2724 | D:3      | Reached skill level 1 in Necromancy
  2724 | D:3      | Reached skill level 1 in Translocations
  2724 | D:3      | Reached skill level 1 in Transmutations
  2724 | D:3      | Reached skill level 1 in Ice Magic
  2724 | D:3      | Reached skill level 1 in Air Magic
  2724 | D:3      | Reached skill level 1 in Earth Magic
  2724 | D:3      | Reached skill level 1 in Poison Magic
  3490 | D:2      | Killed Robin
  3491 | D:2      | Reached XP level 5. HP: 37/37 MP: 3/12
  4415 | D:4      | Noticed Menkaure
  4424 | D:4      | Killed Menkaure
  4425 | D:4      | Reached XP level 6. HP: 40/44 MP: 9/14
  4841 | D:4      | Reached skill level 5 in Dodging
  5214 | D:5      | Entered Level 5 of the Dungeon
  5524 | D:5      | Noticed an orc warrior
  5779 | D:4      | Slain by an orc warrior

Illustrated notes

Levels and vault maps discovered:
D:1:      giann_horns, layout_basic, dreamdust_ecumenical_altar_drowned_temple,
          corexii_corridor_pit
D:2:      layout_loops_ring, basic_altar, uniq_robin
D:3:      layout_basic, serial_bayou_pond_d
D:4:      layout_rooms, minivault_1, uniq_menkaure
D:5:      layout_cave_pools, mainiacjoe_overflow_alcove_4, minmay_pentangle,
          uniq_sigmund

Skill      XL: |  1  2  3  4  5  6 |
---------------+-------------------+-----
Conjurations   | 2 |  2.8
Spellcasting   | 5 |  5.4
Invocations    | 1 2 |  2.4
Fighting       | 1 2 |  2.2
Short Blades   | 1 2 |  2.2
Long Blades    | 1 2 |  2.2
Axes           | 1 2 |  2.2
Maces & Flails | 1 2 |  2.2
Polearms       | 1 2 |  2.2
Staves         | 1 2 |  2.2
Slings         | 1 2 |  2.2
Bows           | 1 2 |  2.2
Crossbows      | 1 2 |  2.2
Throwing       | 1 2 |  2.2
Armour         | 1 2 |  2.2
Shields        | 1 2 |  2.2
Unarmed Combat | 1 2 |  2.2
Evocations     | 1 2 |  2.2
Hexes          | 1 |  1.7
Summonings     | 1 |  1.7
Necromancy     | 1 |  1.7
Translocations | 1 |  1.7
Transmutations | 1 |  1.7
Ice Magic      | 1 |  1.7
Air Magic      | 1 |  1.7
Earth Magic    | 1 |  1.7
Poison Magic   | 1 |  1.7
Dodging        | 5 |  5.1
Stealth        | |  4.7
Fire Magic     | |  5.7

Action                   |  1- 3 |  4- 6 || total
-------------------------+-------+-------++-------
Melee: Dagger            |    13 |    19 ||    32
       Bite              |     2 |     3 ||     5
       Flail             |       |    21 ||    21
       Punch             |       |     1 ||     1
 Cast: Foxfire           |   114 |   178 ||   292
  Use: Potion            |       |     1 ||     1
 Stab: Sleeping          |     1 |     3 ||     4
Armor: Robe              |     1 |     6 ||     7
Dodge: Dodged            |    13 |    61 ||    74
